 Dungeon Crawl Stone Soup version 0.21-b1-23-g1fb0a74c36 (console) character file.

490 Garrluk the Cudgeler (level 7, -1/61 HPs)
             Began as a Gargoyle Berserker on Jan 5, 2018.
             Was a Believer of Trog.
             Killed by divine providence
             ... invoked by an orc priest
              (15 damage)
             ... on level 4 of the Dungeon.
             The game lasted 00:08:15 (2070 turns).

Garrluk the Cudgeler (Gargoyle Berserker)           Turns: 2070, Time: 00:08:16

Health: -1/61      AC:  9    Str: 27    XL:     7   Next: 14%
Magic:  7/7        EV: 12    Int:  8    God:    Trog [**....]
Gold:   132        SH:  0    Dex:  9    Spells: 6/6 levels left

rFire    . . .     SeeInvis .   a - +0 mace
rCold    . . .     Gourm    .   (no shield)
rNeg     + . .     Faith    .   p - +1 animal skin
rPois    ∞         Spirit   .   q - +0 helmet
rElec    +         Reflect  .   (no cloak)
rCorr    .         Harm     .   (no gloves)
MR       ++...     Rnd*Tele +   (no boots)
Stlth    ..........             (no amulet)
HPRegen  1.20/turn              h - ring of flight
MPRegen  0.10/turn              j - ring of teleportation (curse)

@: berserking, regenerating, very quick
A: negative energy resistance 1, electricity resistance, unbreathing,
petrification resistance, rot immunity, AC +4
a: Berserk, Trog's Hand, Burn Spellbooks, Renounce Religion, Evoke Flight


You were on level 4 of the Dungeon.
You worshipped Trog.
Trog was pleased with you.
You were near starving.

You visited 1 branch of the dungeon, and saw 4 of its levels.

You collected 132 gold pieces.

Inventory:

Hand Weapons
 a - a +0 mace (weapon)
Missiles
 k - 5 needles of paralysis
 r - 5 tomahawks (quivered)
Armour
 p - a +1 animal skin (worn)
 q - a +0 helmet (worn)
Jewellery
 h - a ring of flight (left hand)
 j - a cursed ring of teleportation (right hand)
Scrolls
 b - a scroll of fog {unknown}
 f - 3 scrolls of amnesia {unknown}
 i - 4 scrolls of identify {unknown}
 m - 2 scrolls of random uselessness {unknown}
 n - a scroll of teleportation {unknown}
Potions
 d - a potion of heal wounds {unknown}
 e - a potion of haste {unknown}
 g - a potion of ambrosia {unknown}
 l - 2 potions of curing {unknown}
Comestibles
 c - 7 rations


   Skills:
 - Level 3.2 Fighting
 * Level 7.9 Maces & Flails
 - Level 2.1 Armour
 - Level 1.5 Dodging


You had 6 spell levels left.
You didn't know any spells.

Dungeon Overview and Level Annotations

Branches:
Dungeon (4/15)
 Temple: D:4-7

Altars:
Dithmenos


Innate Abilities, Weirdness & Mutations

You are resistant to torment.
Your stone body is resilient. (AC +4)
You are immune to poison.
You resist negative energy. (rN+)
You are resistant to electric shocks. (rElec)
You can survive without breathing.
You are immune to petrification.
You are immune to rotting.


Message History

The orc wizard is almost dead.
The orc wizard mumbles some strange words.
The orc wizard blinks!
The orc wizard gestures at you while chanting.
The magic dart hits you!
* * * LOW HITPOINT WARNING * * *
The orc wizard hits you but does no damage.
You hit the orc wizard but do no damage.
The orc wizard is almost dead.
The orc wizard hits you with a dagger.
* * * LOW HITPOINT WARNING * * *
The orc misses you.
A red film seems to cover your vision as you go berserk!
You feel yourself moving faster!
You feel mighty!
You are near starving!
The orc wizard points at you and mumbles some strange words.
You resist with almost no effort.
The orc priest calls down the wrath of Beogh upon you.
Beogh smites you!
You die...

.....##.#
#.........#.#
.....##.#
#......##.#.#
#....##.#
#########.#.#
...#..#.#
#.#.#
...##.#.#
#.#.#
...##...#
#.#..
.#####..# ###
.# #.>..
...#### .#
###### #.##..
.# #.##o# .#
#.##@# ##
.##.#####o##o#
..........##o#
#....(..o...o#
#[#.#####o####
.. ..... #
#######


You could see an orc priest, an orc wizard and 2 orcs.

Vanquished Creatures
  Sigmund (D:3)
  An ogre (D:3)
  Jessica (D:3)
  2 orc wizards (D:4)
  Robin (D:3)
  6 adders
  2 worms
  A dart slug (D:3)
  3 leopard geckos
  4 orcs (D:4)
  2 giant cockroaches
  18 goblins
  5 hobgoblins
  11 jackals
  3 quokkas (D:3)
  7 bats
  A frilled lizard (D:3)
  3 kobolds
  6 rats
78 creatures vanquished.

Notes
Turn   | Place    | Note
-------+----------+-------------------------------------------
     0 | D:1      | Garrluk the Gargoyle Berserker began the quest for the Orb.
     0 | D:1      | Reached XP level 1. HP: 14/14 MP: 1/1
   277 | D:1      | Reached XP level 2. HP: 19/19 MP: 2/2
   452 | D:2      | Reached skill level 4 in Maces & Flails
   505 | D:2      | Reached XP level 3. HP: 11/23 MP: 3/3
   539 | D:2      | Reached ** piety under Trog
  1032 | D:3      | Found a shadowy altar of Dithmenos.
  1070 | D:3      | Reached XP level 4. HP: 19/28 MP: 4/4
  1086 | D:3      | Reached skill level 5 in Maces & Flails
  1210 | D:3      | Noticed Robin
  1243 | D:3      | Noticed Jessica
  1245 | D:3      | Killed Robin
  1245 | D:3      | Reached XP level 5. HP: 13/32 MP: 5/5
  1255 | D:3      | Killed Jessica
  1604 | D:3      | Noticed Sigmund
  1622 | D:3      | Killed Sigmund
  1622 | D:3      | Reached skill level 7 in Maces & Flails
  1622 | D:3      | Reached XP level 6. HP: 37/37 MP: 6/6
  2010 | D:4      | Reached XP level 7. HP: 41/41 MP: 7/7
  2024 | D:4      | Reached *** piety under Trog
  2070 | D:4      | Killed from afar by an orc priest

Skill      XL: |  1  2  3  4  5 |
---------------+----------------+-----
Maces & Flails | 4 5 7 |  7.9
Fighting       | |  3.2
Armour         | |  2.1
Dodging        | |  1.5

Action                   |  1- 3 |  4- 6 |  7- 9 || total
-------------------------+-------+-------+-------++-------
Melee: Mace              |   102 |   141 |    37 ||   280
Invok: Berserk           |     3 |     5 |     1 ||     9
       Trog's Hand       |       |     4 |     2 ||     6
  Use: Scroll            |       |     1 |       ||     1
  Eat: Chunk             |     3 |     9 |     1 ||    13
Armor: Animal skin       |     4 |    21 |    18 ||    43
       Leather armour    |    36 |    77 |       ||   113
Dodge: Dodged            |    65 |   121 |    31 ||   217
